[Event "*** Titled Tuesday Blitz"]
[Site "Chess.com"]
[Date "2019.09.03"]
[Round "1"]
[White "51616516516"]
[Black "adriangschnitzer"]
[Result "1-0"]
[WhiteElo "2170"]
[BlackElo "2544"]
[TimeControl "180+2"]
[EndTime "15:11:06 PDT"]
[Termination "51616516516 won by checkmate"]

1. c4 Nf6 2. d4 c5 3. Nf3 cxd4 4. Nxd4 Nc6 5. Nc3 e6 6. g3 Qb6 7. Nb3 a5 8. Bg2 a4 9. Nd2 Bc5 10. O-O Ng4 11. Nde4 Be7 12. Nxa4 Qb4 13. Nac3 Qxc4 14.
Nd6+ Bxd6 15. Qxd6 Qb4 16. Bf4 e5 17. Qxb4 Nxb4 18. Bd2 O-O 19. Nb5 Nc6 20. Nc7 Ra4 21. b3 Ra3 22. Bxc6 bxc6 23. Bb4 Ra7 24. Bd6 f6 25. h3 Nh6 26. Rfc1 Rf7 27. Nd5 Nf5 28.
Bc5 Ra5 29. Ne3 Nxe3 30. Bxe3 f5 31. b4 Ra3 32. b5 f4 33. Bc5 Ra8 34. b6 d5 35. a4 Bb7 36. a5 Ra6 37. Bd6 fxg3 38. fxg3 e4 39. Rf1 Rxf1+ 40. Rxf1 Ra8 41. Bb4 g6 42. e3 Kg7 43. Bc3+ Kg8 44. Rf6 Rf8 45.
Rxf8+ Kxf8 46. Bb4+ Kf7 47. Kf2 Ba6 48. g4 Ke6 49. Kg3 g5 50. Bc5 Ke5 51. h4 gxh4+ 52. Kxh4 Ke6 53. Kg5 Kd7 54. Kh6 Kc8 55. Kxh7 Be2 56.
g5 Bh5 57. g6 Bxg6+ 58. Kxg6 Kb7 59. Kf6 Ka6 60. Ke6 Kb7 61. Kd6 d4 62. Bxd4 Ka6 63. Ke5 c5 64. Bxc5 Kb7 65. Kxe4 Kc6 66.
a6 Kxc5 67. b7 Kc6 68. b8=Q Kc5 69. a7 Kc6 70. a8=Q+ Kc5 71. Qd5# 1-0

[Event "*** Titled Tuesday Blitz"]
[Site "Chess.com"]
[Date "2019.09.03"]
[Round "1"]
[White "ahkashefi2800"]
[Black "Witik"]
[Result "0-1"]
[WhiteElo "2072"]
[BlackElo "2547"]
[TimeControl "180+2"]
[EndTime "15:11:08 PDT"]
[Termination "Witik won by checkmate"]

1. d4 Nf6 2. Nf3 g6 3. g3 Bg7 4. Bg2 O-O 5. O-O d6 6. c4 Nc6 7. Nc3 a6 8. b3 Rb8 9. Bb2 e6 10. Rc1 Ne7 11. Qc2 Nd7 12. Rfd1 b5 13. c5 Bb7 14. b4 Nd5 15. a3 N7f6 16. Nxd5 Bxd5 17.
Ng5 Bh6 18. h4 Bxg2 19. Kxg2 d5 20. f3 Nh5 21. f4 Nf6 22. Nf3 Ne4 23. c6 f6 24. Nd2 Nd6 25. e3 Rb6 26. Re1 f5 27.
Nf3 Bg7 28. Ng5 Qe8 29. a4 Nc4 30. axb5 axb5 31. Ra1 Rxc6 32. Qf2 Nd6 33. Ra7 h6 34. Nf3 Ne4 35. Qe2 Rc4 36. Rc1 Qc6 37. Rxc4 bxc4 38. h5 g5 39. fxg5 hxg5 40. h6 Bf6 41. b5 Qb6 42.
Ra6 Qxb5 43. Rxe6 g4 44. Nh2 Qd7 45. Ra6 c3 46. Ba3 Rb8 47. Qa2 Kh7 48. Nf1 Kxh6 49.
Kg1 Kg6 50. Bc1 Rb6 51. Ra8 Rc6 52. Rg8+ Bg7 53. Qh2 Kf7 54. Rb8 Rh6 55. Qc2 Bf8 56. Qb3 Rb6 57. Rxb6 cxb6 58. Qxb6 Bd6 59. Qa5 Ke6 60.
Qa1 Qc6 61. Qa5 c2 62. Qd8 Be7 63. Qg8+ Kd7 64. Qf7 Qe6 65. Qh7 Ng5 66. Qh8 Qe4 67. Qc8+ Kxc8 68. Kf2 Qf3+ 69. Ke1 Ne4 70. Bb2 Qd1# 0-1

[Event "*** Titled Tuesday Blitz"]
[Site "Chess.com"]
[Date "2019.09.03"]
[Round "1"]
[White "MathiasWomacka"]
[Black "karinachess1"]
[Result "1/2-1/2"]
[WhiteElo "2185"]
[BlackElo "2560"]
[TimeControl "180+2"]
[EndTime "15:11:11 PDT"]
[Termination "Game drawn by agreement"]

1. e4 c5 2. Nf3 Nc6 3. d4 cxd4 4. Nxd4 Qb6 5. Nb3 Nf6 6. Nc3 e6 7. Bd3 a6 8. O-O Be7 9. Kh1 O-O 10. f4 d6 11. Qf3 Qc7 12. Bd2 b5 13. a3 Bb7 14.
Rae1 b4 15. axb4 Nxb4 16. Nb5 axb5 17. Bxb4 d5 18. Bxe7 dxe4 19. Bxe4 Bxe4 20. Rxe4 Qxe7 21. Re5 Rac8 22. Nd4 Qb4 23. Nc6 Qd6 24. Na7 Rxc2 25. Nxb5 Qd2 26. h3 Rxb2 27. f5 exf5 28. Rxf5 Rb8 29.
Rxf6 gxf6 30. Qg3+ Qg5 31. Qxb8+ Kg7 32. Qb7 Rxb5 33.
Qf3 Rb2 34. Kh2 h5 35. Qg3 h4 36. Qxg5+ fxg5 37. Rf5 Kg6 38. Rc5 f6 39. Rd5 Ra2 40.
Kg1 Kf7 41. Rd6 Ke7 42. Rb6 Kf7 43. Rc6 Kg6 44. Rc5 Rb2 45. Ra5 Rc2 46. Rb5 Kh5 47. Ra5 Kg6 48. Rb5 f5 49. Rb6+ Kf7 50. Ra6 Kg7 51. Kf1 Rb2 52. Rc6 Rd2 53. Rb6 Rd7 54. Ra6 Rf7 55. Rb6 Rf6 56. Rb5 Kg6 57. Kf2 Ra6 58. Kf3 Ra3+ 59. Kf2 g4 60. hxg4 fxg4 61. Rb6+ Kf5 62. Rb5+ Kf6 63. Rb6+ Ke5 64. Rb5+ Ke6 65. Rh5 g3+ 66. Ke2 Ra2+ 67. Kf3 Rf2+ 68. Kg4 Rxg2 69. Rxh4 Rg1 70. Rh3 g2 71. Kg3 Ke5 72. Rh8 Rh1 73. Re8+ Kf6 74. Kxg2 Rh7 75. Re2 Rf7 76.
Rf2+ 1/2-1/2

[Event "*** Titled Tuesday Blitz"]
[Site "Chess.com"]
[Date "2019.09.03"]
[Round "1"]
[White "Bigfish1995"]
[Black "scaryninja"]
[Result "1-0"]
[WhiteElo "3062"]
[BlackElo "2512"]
[TimeControl "180+2"]
[EndTime "15:11:14 PDT"]
[Termination "Bigfish1995 won by resignation"]

1. d4 d5 2. c4 e6 3. Nc3 Be7 4. Bf4 Nf6 5. e3 O-O 6. Nf3 b6 7. Be2 Bb7 8. O-O Nbd7 9. Rc1 c5 10. dxc5 Nxc5 11. Ne5 Rc8 12. Nb5 a6 13. Na7 Rc7 14. b4 Nce4 15. b5 Bd6 16. Nac6 Qa8 17. f3 Nc5 18. Qd2 axb5 19. cxb5 Bxc6 20. Nxc6 Bxf4 21.
exf4 Nfd7 22. Rc2 Nb8 23. Nb4 Qa4 24. Rfc1 Rd7 25. Qd4 Rdd8 26. Nc6 Qxd4+ 27. Nxd4 Rd7 28. Nb3 Nxb3 29. axb3 Rfd8 30. Kf2 Kf8 31. Bd3 g6 32. Ra2 Ke7 33. Ke3 Rb7 34. Kd4 Nd7 35. b4 f6 36. Rc6 Nb8 37. Rc1 Rdd7 38. Re2 Kd6 39. g4 Rbc7 40. Rce1 Re7 41. g5 fxg5 42. fxg5 Nd7 43. f4 Rc8 44. h4 Rf8 45. Rf1 Kc7 46. Rc1+ Kb7 47. Ke3 e5 48. fxe5 Nxe5 49. Kd2 Nf3+ 50.
Kd1 Rxe2 51. Kxe2 Nxh4 52. Ke3 Nf5+ 53. Kf4 Nd6+ 54. Ke5 Ne4 55. Rg1 Rf5+ 56. Ke6 Nxg5+ 57. Kd6 Rf6+ 58. Ke7 Re6+ 59. Kd7 Re5 60. Rc1 Nf7 61.
Rc7+ Kb8 62. Rc6 Kb7 63. Rf6 Ng5 64. Rf8 Ne6 65. Re8 Nc5+ 66. bxc5 Rxe8 67. c6+ Kb8 68. Kxe8 Kc7 69. Ke7 h5 70. Bxg6 h4 71. Ke6 d4 72. Kd5 h3 73. Kxd4 1-0

[Event "*** Titled Tuesday Blitz"]
[Site "Chess.com"]
[Date "2019.09.03"]
[Round "1"]
[White "Alexander_Moskalenko"]
[Black "slowdgehammer"]
[Result "1-0"]
[WhiteElo "2836"]
[BlackElo "2424"]
[TimeControl "180+2"]
[EndTime "15:11:24 PDT"]
[Termination "Alexander_Moskalenko won by checkmate"]

1. c4 Nf6 2. Nc3 e6 3. Nf3 d5 4. d4 a6 5. cxd5 exd5 6. Bg5 Be6 7. e3 Nbd7 8. Be2 c6 9. O-O Bd6 10. Bh4 Qb8 11. Bg3 Bxg3 12. hxg3 O-O 13. b4 Qd6 14.
Rb1 Bf5 15. Rb2 Rfe8 16. a4 b5 17. a5 h6 18. Nd2 Re7 19. Qb3 Rae8 20. Rc1 Nf8 21.
Nd1 Ng6 22. Bd3 Bd7 23. Qc3 Ng4 24. Qc5 Qf6 25. Nf3 h5 26. Rbc2 Re6 27. Qa7 Bc8 28. Qb6 Ne7 29. Qc7 g5 30. Rc5 Kg7 31. Nh2 Nxh2 32.
Kxh2 h4 33. R5c2 hxg3+ 34. Qxg3 Rh8+ 35. Kg1 Qh6 36. f3 Ng6 37. Kf2 Nh4 38. Rc5 Qf6 39.
R1c3 Bd7 40. Bc2 Re7 41. Nb2 Rhe8 42. Nd1 Nf5 43. Bxf5 Qxf5 44. Nb2 f6 45. e4 Qe6 46.
e5 Qf5 47. Nd3 Kg6 48. Kg1 Rh7 49. Kf2 Rhe7 50. Qg4 Qxg4 51. fxg4 Re6 52. Kf3 Kf7 53. Rc2 Ke7 54. exf6+ Rxf6+ 55. Kg3 Kd6 56. Ne5 Rxe5 57. dxe5+ Kxe5 58. Re2+ Kd6 59. Rf2 Re6 60. Rf5 Re4 61. Rxg5 Rxb4 62. Rc1 Ra4 63. Rg7 Rxa5 64. g5 Ra4 65. g6 Rg4+ 66. Kf3 Rg5 67. Re1 Bf5 68.
Rf7 Bxg6 69. Rf6+ Kc7 70. Ree6 Be4+ 71. Kf4 Rxg2 72. Rxc6+ Kb7 73. Rb6+ Kc7 74. Rfc6+ Kd7 75. Rxa6 b4 76. Rcb6 Rb2 77. Ra7+ Kc8 78. Ke5 Bg2 79. Kd6 d4 80. Rc7+ Kd8 81. Rb8# 1-0

[Event "*** Titled Tuesday Blitz"]
[Site "Chess.com"]
[Date "2019.09.03"]
[Round "1"]
[White "silverback96"]
[Black "LastHeroJr"]
[Result "0-1"]
[WhiteElo "2019"]
[BlackElo "2531"]
[TimeControl "180+2"]
[EndTime "15:11:24 PDT"]
[Termination "LastHeroJr won by resignation"]

1. d4 Nf6 2. c4 g6 3. g3 Bg7 4. Bg2 O-O 5. Nc3 d6 6. Nf3 Nbd7 7. O-O e5 8. e4 exd4 9. Nxd4 Re8 10. h3 a6 11. Re1 Rb8 12. b4 Ne5 13. Bf1 Nc6 14.
Nxc6 bxc6 15. Rb1 Ng4 16. Bb2 Rxb4 17. hxg4 Rxb2 18. Rxb2 Bxc3 19. Rb8 Bxe1 20. Qxe1 Qe7 21. f3 Be6 22. Rxe8+ Qxe8 23. Qa5 Qb8 24. Qxa6 Bd7 25. Qa3 Qb6+ 26. Kg2 Qd4 27. Qd3 Qb2+ 28. Qe2 Qa1 29. Qd2 Be6 30. g5 Qe5 31. Kf2 Bxc4 32. Bxc4 Qc5+ 33.
Kg2 Qxc4 34. g4 Kf8 35. Qb2 Ke8 36. Qh8+ Kd7 37. Qxh7 Qxa2+ 38. Kg3 c5 39. Qg7 Qe6 40. Kf2 Qa2+ 41. Ke3 Qe6 42. Qg8 Ke7 43. Qb8 Qd7 44.
Qb3 Qd8 45. Qc3 Kd7 46. Qg7 Qxg5+ 47. Kd3 Qe7 48. f4 Qe6 49. f5 gxf5 50. gxf5 Qb3+ 51. Ke2 Kc6 52. Qf8 Qc4+ 53. Kf3 Qc3+ 54. Kf4 Qe5+ 55. Kf3 f6 56. Qa8+ Kd7 57. Qa4+ Ke7 58. Qc6 d5 59. Qxc5+ Qd6 60. Qd4 dxe4+ 61. Qxe4+ Qe5 62. Qc2 Qd5+ 63. Kf4 c5 64. Qe2+ Kf7 65. Qh5+ Ke7 66. Qh7+ Qf7 67. Qxf7+ Kxf7 68. Ke4 Kg7 69. Kd5 Kh6 70.
Kxc5 Kg5 71. Kd4 Kxf5 72. Ke3 Kg4 73. Kf2 Kf4 74. Ke2 Kg3 75. Kf1 Kf3 76. Kg1 f5 77. Kf1 f4 78. Ke1 Kg2 0-1

[Event "*** Titled Tuesday Blitz"]
[Site "Chess.com"]
[Date "2019.09.03"]
[Round "1"]
[White "matiss90"]
[Black "champ2005"]
[Result "1-0"]
[WhiteElo "2476"]
[BlackElo "2851"]
[TimeControl "180+2"]
[EndTime "15:11:30 PDT"]
[Termination "matiss90 won by resignation"]

1. e4 c6 2. d4 d5 3. Nc3 dxe4 4. Nxe4 Nf6 5. Ng5 h6 6. N5f3 Bg4 7. Bc4 e6 8. h3 Bxf3 9. Nxf3 Nbd7 10. O-O Bd6 11. c3 O-O 12. Re1 Qc7 13. a4 Rad8 14. a5 c5 15. Bf1 cxd4 16. Qxd4 Nc5 17. Qc4 Nd5 18. Qg4 Bf4 19. c4 Bxc1 20. cxd5 Bxb2 21. dxe6 Nxe6 22.
Rab1 Bf6 23. Qe4 Qxa5 24. Qxb7 Nd4 25. Nh2 h5 26. Bd3 Qc3 27. Qe4 g6 28. Rec1 Qa5 29.
Bc4 Rd7 30. Qxg6+ Bg7 31. Qe4 Qf5 32. Qxf5 Nxf5 33. Nf3 Bf6 34. Rb5 Nd6 35. Rxh5 Rc7 36. Nd2 Rfc8 37. Bxf7+ Nxf7 38. Rxc7 Rxc7 39. Ne4 Be5 40. g4 a5 41. g5 Kg7 42. Rh4 a4 43.
Ng3 a3 44. Ra4 Bb2 45. Ra6 Nxg5 46. Kg2 Rf7 47. h4 Nf3 48. h5 Ne1+ 49. Kh3 Nd3 50. h6+ Kh7 51. Kh4 Nxf2 52. Kh5 Nd3 53. Ne4 Nf4+ 54. Kg4 Rf8 55. Ng5+ Kh8 56. Ra7 Ng6 57. Rh7+ Kg8 58. Ra7 Kh8 59. Rh7+ Kg8 60. Ra7 Nf4 61. Kh4 Nd5 62. Kh5 Nb4 63. Kg6 Rf6+ 64. Kh5 Rf8 65. Kg6 Rf6+ 66. Kh5 Ra6 67. h7+ Kh8 68. Rxa6 1-0

[Event "*** Titled Tuesday Blitz"]
[Site "Chess.com"]
[Date "2019.09.03"]
[Round "1"]
[White "Al_Shima"]
[Black "Duhless"]
[Result "0-1"]
[WhiteElo "2502"]
[BlackElo "2982"]
[TimeControl "180+2"]
[EndTime "15:11:53 PDT"]
[Termination "Duhless won by resignation"]

1. b3 e5 2. Bb2 Nc6 3. e3 g6 4.
Nf3 Bg7 5. d4 e4 6. Nfd2 f5 7.
c4 d6 8. Qc1 Nf6 9. d5 Ne5 10.
Na3 O-O 11. Nc2 c5 12. Be2 Qe7 13. O-O Bd7 14. b4 b6 15. b5 g5 16. f4 Nd3 17.
Bxd3 exd3 18. fxg5 Ng4 19. Bxg7 Kxg7 20. h3 dxc2 21.
hxg4 Qxe3+ 22. Kh1 fxg4 23. Qxc2 Qxg5 24. Qc3+ Kg8 25.
Ne4 Qh6+ 26. Kg1 Bf5 27. Ng3 Bg6 28. Rxf8+ Rxf8 29. Re1 Qf4 30. Re7 Qd4+ 31. Qxd4 cxd4 32. Rxa7 d3 33. Nf1 g3 34. Re7 Bh5 35. Re3 Rxf1+ 36.
Kxf1 d2 37. Rxg3+ Kf7 38. Rd3 d1=Q+ 39. Rxd1 Bxd1 40. Ke1 Bg4 41. a4 Ke7 42. Kd2 Kd7 43.
Kc3 Kc7 44. Kb4 Be2 45. Kc3 Kb7 46. g3 Bd1 47. Kb4 Bc2 48. Ka3 Bd3 49. Kb4 Be2 50. Kb3 h5 51. Kb4 Bg4 52. Kb3 Kc7 53. Kb4 Bc8 54. Kc3 Kd7 55. Kb4 Kc7 56. Kc3 Bg4 57. Kb4 Kd7 58. Kc3 Be2 59. Kb4 Ke7 60. Kb3 Bd1+ 61.
Kb4 Be2 62. Kc3 Bf1 63. Kb4 Kd8 64. Kc3 Kd7 65. Kb4 Bh3 66. Kc3 Ke7 67. Kb4 Bf1 68.
Kc3 Ke8 69. Kb4 Be2 70. Kc3 Bd1 71. Kb4 Ke7 72. Ka3 Bg4 73. Kb4 Kf6 74. a5 bxa5+ 75. Kxa5 Ke5 76. Kb6 Be2 77. c5 dxc5 78. Kxc5 Bf3 79.
d6 Ke6 80. d7 Kxd7 81. Kd4 Kc7 82.
Ke3 Bg4 83. Kf4 Kb6 84. Ke3 Kxb5 85. Kf2 Kc4 86. Kg2 Kd5 0-1

[Event "*** Titled Tuesday Blitz"]
[Site "Chess.com"]
[Date "2019.09.03"]
[Round "1"]
[White "rikyshi"]
[Black "GMsKoRPioN"]
[Result "1-0"]
[WhiteElo "2206"]
[BlackElo "2556"]
[TimeControl "180+2"]
[EndTime "15:12:47 PDT"]
[Termination "rikyshi won by checkmate"]

1. d4 g6 2. e4 Bg7 3. c3 d6 4. Be3 Nf6 5. Bd3 O-O 6. h3 Nc6 7. f4 e5 8. Nf3 exd4 9. cxd4 Nxe4 10. Bxe4 Re8 11. Bxc6 bxc6 12. Kf2 Rb8 13. Qd2 c5 14.
Nc3 cxd4 15. Bxd4 Bxd4+ 16. Nxd4 c5 17. Nc6 Qb6 18. Nxb8 c4+ 19. Kf1 Bf5 20. Qf2 Qxb8 21. g4 Bd3+ 22. Kg2 d5 23. Rhe1 Rd8 24. Rad1 Qb7 25.
Kh2 d4 26. Nb1 Qc7 27. Qg3 Qb6 28. Rd2 Qa5 29. Red1 Qxa2 30. f5 Bxb1 31. f6 Bd3 32. Qf4 Qa6 33. Re1 h6 34. Rf2 g5 35. Qe5 Qb6 36. h4 c3 37. bxc3 dxc3 38. Rg2 Qd6 39.
Qxd6 Rxd6 40. Rc1 c2 41. hxg5 hxg5 42. Rd2 Rd5 43. Rcxc2 Be4 44. Rxd5 Bxd5 45. Rc5 Be6 46. Rxg5+ Kh7 47. Kg3 Kh6 48. Kf4 a6 49. Ra5 Bc4 50.
g5+ Kg6 51. Ra1 Kh7 52. Rh1+ Kg8 53. Ke5 Bb3 54. Rb1 Bc4 55. Kd6 Kh7 56. Rg1 Kg6 57. Ke7 Bb3 58. Rg3 Bc4 59. Kd6 Bb5 60. Ke5 a5 61. Kf4 Bd7 62. Rg1 Kh7 63. Rh1+ Kg8 64.
Rd1 Bc6 65. Rc1 Bd7 66. Rd1 Bc6 67. Kf5 a4 68. g6 fxg6+ 69. Kxg6 Be8+ 70. Kf5 Bf7 71. Rd8+ Kh7 72. Ra8 Bb3 73. Ra7+ Kh6 74. Ra6 Kh7 75.
Ra7+ Kh6 76. Ra8 Kh7 77. Kg5 Bd5 78. Rxa4 Bf7 79. Ra7 Kg8 80. Kf5 Bb3 81. Ke5 Kf8 82. Re7 Ba2 83. Kf4 Bb3 84. Kg5 Bc4 85. Rc7 Bb3 86. Kg6 Ke8 87. f7+ Kd8 88. f8=Q+ Kxc7 89.
Qc5+ Kd7 90. Kf6 Ba4 91. Qd4+ Ke8 92. Qxa4+ Kd8 93. Qa7 Kc8 94. Ke6 Kd8 95. Qd7# 1-0

[Event "*** Titled Tuesday Blitz"]
[Site "Chess.com"]
[Date "2019.09.03"]
[Round "1"]
[White "imdvb6307"]
[Black "oskariot"]
[Result "1/2-1/2"]
[WhiteElo "2401"]
[BlackElo "2750"]
[TimeControl "180+2"]
[EndTime "15:14:35 PDT"]
[Termination "Game drawn by 50-move rule"]

1. c4 g6 2. Nf3 Bg7 3. d4 c5 4.
e4 cxd4 5. Nxd4 Nc6 6. Be3 Nf6 7. Nc3 d6 8. Be2 O-O 9. O-O Bd7 10. Qd2 Nxd4 11.
Bxd4 Bc6 12. f3 a5 13. b3 Nd7 14. Be3 Nc5 15. Rab1 e6 16. Rfc1 Be5 17. Bg5 f6 18. Be3 f5 19. exf5 Rxf5 20. f4 Bg7 21. Bg4 Rf6 22.
Bd4 Rf8 23. Bxc5 dxc5 24. Bxe6+ Kh8 25. Qxd8 Raxd8 26. Nd5 Bd4+ 27. Kh1 Rde8 28. Re1 Kg7 29. Nc7 Re7 30. Nd5 Ree8 31. Nc7 Rb8 32. Bd5 Kh6 33. Ne6 Rf6 34. g3 Bc3 35. Nxc5 Bxe1 36. Rxe1 Bxd5+ 37. cxd5 Rd8 38. Ne4 Rff8 39. Rd1 Rfe8 40. Nc5 b6 41. Na4 Rd6 42. Rd2 Re3 43. Kg2 Kg7 44. Kf2 Re8 45. Nc3 Red8 46. Ke3 b5 47. Nxb5 Rxd5 48. Nd4 Re8+ 49. Kf3 Kf6 50. Kf2 Rb8 51. Ke3 a4 52. bxa4 Re8+ 53. Kf2 Ra8 54. Nf3 Rxd2+ 55. Nxd2 Rxa4 56. Kf3 Rxa2 57. Ne4+ Kg7 58. h4 Ra3+ 59. Kg4 Kf7 60. Ng5+ Kg8 61. Ne4 Kg7 62. h5 Re3 63. Ng5 gxh5+ 64. Kh4 Kg6 65. Nh3 Kf5 66. Ng5 Re1 67.
Kh3 h6 68. Nf7 Rh1+ 69. Kg2 Rd1 70. Ne5 h4 71. Nf3 hxg3 72. Kxg3 Rd3 73. Kg2 Kxf4 74. Nh2 Rd2+ 75. Kh3 h5 76. Nf1 Rf2 77. Nh2 Ra2 78. Nf1 Rb2 79. Kh4 Rb1 80. Ng3 Rg1 81. Nxh5+ Kf3 82.
Nf6 Rh1+ 83. Kg5 Rg1+ 84. Kf5 Ra1 85. Ng4 Ra6 86. Ne5+ Ke3 87. Ng6 Ra5+ 88. Kf6 Ke4 89. Ne7 Ra6+ 90. Kg5 Ra8 91. Ng6 Ra1 92. Kf6 Rf1+ 93.
Ke6 Rf2 94. Ne7 Rh2 95. Nd5 Rc2 96. Ne7 Ra2 97. Nf5 Ra6+ 98. Nd6+ Kd4 99. Ke7 Kd5 100.
Nf7 Re6+ 101. Kf8 Rg6 102. Ke7 Rb6 103. Kf8 Ke6 104. Nd8+ Kf6 105. Ke8 Ra6 106. Kd7 Ra1 107. Kc6 Rc1+ 108.
Kb5 Rd1 109. Nc6 Ke6 110. Nb4 Kd6 111. Kc4 Rh1 112. Kc3 Rh4 113. Kb3 Kc5 114. Nd3+ Kb5 115. Kc3 Rg4 116. Ne1 Kc5 117. Nd3+ Kd5 118. Nb4+ Ke4 119. Kc4 Ke5+ 120. Kc5 Rg8 121. Nc6+ Ke4 122. Kd6 Rg6+ 123. Kc5 Rh6 124. Ne7 Rh1 125. Nc6 Rd1 126. Ne7 Ke5 127. Nc6+ Ke4 128. Ne7 Rd7 129. Nc6 Rh7 130. Nb4 Rc7+ 131. Nc6 1/2-1/2

[Event "*** Titled Tuesday Blitz"]
[Site "Chess.com"]
[Date "2019.09.03"]
[Round "2"]
[White "chorejason"]
[Black "SanchezKelvin"]
[Result "0-1"]
[WhiteElo "2110"]
[BlackElo "2409"]
[TimeControl "180+2"]
[EndTime "15:17:24 PDT"]
[Termination "SanchezKelvin won by resignation"]

1. e4 c5 2. Nf3 d6 3. d4 cxd4 4. Nxd4 Nf6 5. Nc3 g6 6. Bc4 Bg7 7. f3 O-O 8. Be3 Nc6 9. Qd2 Ne5 10. Bb3 Bd7 11. h4 h5 12. O-O-O Rc8 13. Bg5 Rc5 14.
g4 hxg4 15. h5 Nxh5 16. Bh6 Qa5 17. Rxh5 gxh5 18. Qg5 Nd3+ 0-1

[Event "*** Titled Tuesday Blitz"]
[Site "Chess.com"]
[Date "2019.09.03"]
[Round "2"]
[White "pheonixking2000"]
[Black "Keithonsky"]
[Result "1-0"]
[WhiteElo "2710"]
[BlackElo "2380"]
[TimeControl "180+2"]
[EndTime "15:17:39 PDT"]
[Termination "pheonixking2000 won by checkmate"]

1. a3 Nf6 2. c4 e6 3. Nf3 d5 4. e3 Be7 5. d4 O-O 6. Nc3 c5 7. dxc5 Bxc5 8. b4 Be7 9. cxd5 exd5 10. Bb2 a5 11. Bb5 axb4 12. axb4 Rxa1 13. Qxa1 Bxb4 14.
O-O Bg4 15. Ne5 Be6 16. Rd1 Qc7 17. Ne2 Bd6 18. Nf4 Qb6 19. Bd3 Nc6 20. Nxc6 bxc6 21. Bxf6 gxf6 22. Qxf6 Qd8 23. Qh6 Bxf4 24. Qxh7# 1-0

[Event "*** Titled Tuesday Blitz"]
[Site "Chess.com"]
[Date "2019.09.03"]
[Round "2"]
[White "Potosino1970"]
[Black "Colombiano07"]
[Result "1-0"]
[WhiteElo "2573"]
[BlackElo "2195"]
[TimeControl "180+2"]
[EndTime "15:18:00 PDT"]
[Termination "Potosino1970 won by resignation"]

1. d4 d5 2. c4 Nc6 3. Nc3 e6 4. Nf3 Nf6 5. Bg5 Be7 6. e3 O-O 7. Rc1 a6 8. Bd3 dxc4 9. Bxc4 b5 10. Be2 Bb7 11. O-O b4 12. Na4 Ne4 13. Bxe7 Qxe7 14.
Nc5 Nxc5 15. Rxc5 Rfd8 16. Qc2 Rd6 17. Bd3 g6 18. Be4 Qe8 19. Rc1 Nd8 20. Rxc7 Bxe4 21. Qxe4 Rb8 22. Ne5 Rb7 23. Rxb7 Nxb7 24. Qxb7 1-0

[Event "*** Titled Tuesday Blitz"]
[Site "Chess.com"]
[Date "2019.09.03"]
[Round "2"]
[White "Faustregel"]
[Black "MFguimaraes"]
[Result "1-0"]
[WhiteElo "2506"]
[BlackElo "2295"]
[TimeControl "180+2"]
[EndTime "15:18:47 PDT"]
[Termination "Faustregel won by resignation"]

1. e4 e5 2. Nf3 Nf6 3. Nc3 Nc6 4. d4 exd4 5. Nxd4 Bb4 6. Nxc6 bxc6 7.
Bd3 O-O 8. O-O d5 9. exd5 cxd5 10. Bg5 c6 11. Qf3 Bd6 12. h3 Rb8 13. b3 h6 14. Bf4 Re8 15. Rfe1 Be6 16. Ne2 c5 17. c4 dxc4 18. bxc4 Rb6 19. Rad1 Qb8 20. Bxh6 Bh2+ 21. Kh1 gxh6 22. Qxf6 Bxh3 23. Qh4 Bxg2+ 24. Kxg2 Rg6+ 25. Bxg6 1-0

[Event "*** Titled Tuesday Blitz"]
[Site "Chess.com"]
[Date "2019.09.03"]
[Round "2"]
[White "nitpicker"]
[Black "Jbd735"]
[Result "0-1"]
[WhiteElo "2226"]
[BlackElo "2477"]
[TimeControl "180+2"]
[EndTime "15:19:02 PDT"]
[Termination "Jbd735 won by resignation"]

1. d4 d5 2. c4 c6 3. Nf3 e6 4. Qc2 Nf6 5. g3 Nbd7 6. Bg2 Bd6 7. Nbd2 O-O 8. O-O Re8 9. Rd1 Qe7 10. b3 e5 11. cxd5 cxd5 12. dxe5 Nxe5 13. Bb2 Neg4 14. Re1 Nxf2 15. Kxf2 Ng4+ 0-1

[Event "*** Titled Tuesday Blitz"]
[Site "Chess.com"]
[Date "2019.09.03"]
[Round "2"]
[White "iturrizaga"]
[Black "Malev212"]
[Result "1-0"]
[WhiteElo "2937"]
[BlackElo "2629"]
[TimeControl "180+2"]
[EndTime "15:19:22 PDT"]
[Termination "iturrizaga won by resignation"]

1. c4 e5 2. g3 g6 3. Bg2 Bg7 4. Nc3 Ne7 5. e4 O-O 6. d3 Nbc6 7. Nge2 d6 8. O-O Nd4 9. Nxd4 exd4 10. Ne2 Nc6 11. Nf4 Ne5 12. h3 c6 13. b3 f5 14.
exf5 Bxf5 15. Bb2 g5 16. Nh5 Nxd3 17. Nxg7 Nxb2 18. Qxd4 Qf6 19. Nxf5 1-0

[Event "*** Titled Tuesday Blitz"]
[Site "Chess.com"]
[Date "2019.09.03"]
[Round "2"]
[White "jefferyx"]
[Black "albano87"]
[Result "1-0"]
[WhiteElo "2948"]
[BlackElo "2039"]
[TimeControl "180+2"]
[EndTime "15:19:26 PDT"]
[Termination "jefferyx won by resignation"]

1. d4 Nf6 2. c4 e6 3. Nc3 d5 4.
Bg5 Nbd7 5. e3 Be7 6. Rc1 O-O 7. a3 b6 8. cxd5 exd5 9. Bd3 Bb7 10. Nge2 c5 11. O-O h6 12. Bh4 Ne4 13. Bxe7 Qxe7 14. Ng3 Ndf6 15. dxc5 Nxc3 16. Rxc3 bxc5 17. Nf5 Qc7 18.
b4 c4 19. Bc2 Qe5 20. Qd4 Qe6 21. a4 Rac8 22. Qxa7 Bc6 23. Ne7+ Kh8 24. Nxc8 Rxc8 25. Qd4 Bd7 26. b5 Qd6 27. h3 Re8 28. Rxc4 Re5 29.
b6 Rg5 30. b7 Bxh3 31. Rc8+ Ng8 32. Be4 dxe4 33. Qxd6 Bxg2 34. Rxg8+ 1-0

[Event "*** Titled Tuesday Blitz"]
[Site "Chess.com"]
[Date "2019.09.03"]
[Round "2"]
[White "JMatias"]
[Black "FearNoEvil12"]
[Result "1-0"]
[WhiteElo "2385"]
[BlackElo "1986"]
[TimeControl "180+2"]
[EndTime "15:19:36 PDT"]
[Termination "JMatias won by resignation"]

1. e3 a6 2. c4 b6 3. d4 Bb7 4. Nc3 Nf6 5. Qc2 e6 6. e4 d6 7. Nf3 Nbd7 8. Be2 h6 9. O-O g5 10.
Re1 g4 11. Nd2 h5 12. Nf1 Rg8 13. e5 g3 14. hxg3 dxe5 15. dxe5 Nxe5 16. Bxh5 Neg4 17. Rxe6+ Kd7 18. Bxg4 Nxg4 19. Re2 Bd6 20. Qf5+ Kc6 21. Qf3+ Kd7 22. Qxb7 Qf6 23. Qf3 Qg6 24. Ne3 Ne5 25.
Qf5+ Qxf5 26. Nxf5 1-0

[Event "*** Titled Tuesday Blitz"]
[Site "Chess.com"]
[Date "2019.09.03"]
[Round "2"]
[White "kleinebeer98"]
[Black "Bigfish1995"]
[Result "0-1"]
[WhiteElo "2665"]
[BlackElo "3064"]
[TimeControl "180+2"]
[EndTime "15:19:47 PDT"]
[Termination "Bigfish1995 won by resignation"]

1. e4 e5 2. Nf3 Nc6 3. d4 exd4 4.
c3 dxc3 5. Nxc3 Bb4 6. Bc4 d6 7. Ng5 Nh6 8. O-O Bxc3 9. bxc3 Ne5 10. Bb3 f6 11. f4 Ng6 12. f5 Ne5 13. Qh5+ Ke7 14.
Ne6 Bxe6 15. Bxe6 Nhf7 16. Rb1 b6 17. Bf4 Qe8 18. Qh4 g5 19. fxg6 hxg6 20. Bh6 g5 0-1

[Event "*** Titled Tuesday Blitz"]
[Site "Chess.com"]
[Date "2019.09.03"]
[Round "2"]
[White "beatles_22"]
[Black "JAN2404"]
[Result "1-0"]
[WhiteElo "2672"]
[BlackElo "1676"]
[TimeControl "180+2"]
[EndTime "15:19:53 PDT"]
[Termination "beatles_22 won by resignation"]

1. e4 c5 2. Nf3 d6 3. d4 cxd4 4.
Nxd4 Nf6 5. Nc3 Nc6 6. Nde2 e5 7.
g3 Be6 8. Bg2 Be7 9. O-O O-O 10.
h3 Rc8 11. g4 h6 12. Be3 a6 13. a4 Nb4 14. f4 exf4 15. Nxf4 Bc4 16. Rf2 g5 17.
Nfd5 Nfxd5 18. exd5 Qa5 19. Qd2 Bd8 20. Re1 Bb6 21. Ne4 Bxe3 22. Nf6+ Kg7 23. Nh5+ Kg8 24. Rxe3 Nxd5 1-0

[Event "*** Titled Tuesday Blitz"]
[Site "Chess.com"]
[Date "2019.09.03"]
[Round "2"]
[White "champ2005"]
[Black "StoreySniper"]
[Result "1-0"]
[WhiteElo "2852"]
[BlackElo "2356"]
[TimeControl "180+2"]
[EndTime "15:19:57 PDT"]
[Termination "champ2005 won by resignation"]

1. e4 g6 2. d4 Bg7 3. Nf3 c5 4. d5 d6 5. Nc3 Nf6 6. Be2 O-O 7. O-O a6 8. a4 b6 9. Nd2 Ne8 10. Nc4 Nd7 11. Be3 Rb8 12. f4 Nc7 13.
Qe1 Bb7 14. Qg3 Ba8 15. Na3 e6 16. dxe6 Nxe6 17. Bxa6 Bxc3 18. bxc3 Bxe4 19. f5 Ng7 20. fxg6 hxg6 21. Bg5 f6 22. Bh6 d5 23. Bd3 Ne5 24.
Rae1 Nf5 25. Rxf5 Bxf5 26. Bxf5 1-0

[Event "*** Titled Tuesday Blitz"]
[Site "Chess.com"]
[Date "2019.09.03"]
[Round "2"]
[White "kinga2008"]
[Black "FairChess_on_YouTube"]
[Result "0-1"]
[WhiteElo "1896"]
[BlackElo "2983"]
[TimeControl "180+2"]
[EndTime "15:20:03 PDT"]
[Termination "FairChess_on_YouTube won by resignation"]

1. e4 c5 2. Nf3 Nc6 3. c3 e5 4. Bd3 Nf6 5. Bc2 d5 6. exd5 Qxd5 7. O-O e4 8. Re1 Be7 9. Nh4 g5 10. c4 Qd4 11. Nc3 gxh4 12. Nxe4 Be6 13. d3 O-O-O 14. Be3 Qe5 15. f4 Qf5 16. d4 Nxe4 17. d5 Nb4 18.
Bb1 Nxd5 19. cxd5 Bxd5 20. Qc2 Rhg8 21. Bxc5 Bxc5+ 22. Qxc5+ Kb8 23. Bxe4 Bxe4 24. Qxf5 Bxf5 25. Re2 h3 26. g3 Rge8 27. Rxe8 Rxe8 28. Kf2 Bg4 29.
Re1 Rxe1 30. Kxe1 Kc7 31. Kd2 Kd6 32. Ke3 Kd5 33. Kd3 Bf5+ 34. Ke3 h5 35. b3 b5 36. a3 a5 37. Kf3 Kd4 38. g4 hxg4+ 0-1